 Dungeon Crawl Stone Soup version 0.30-a0-172-gc5509c9e31 (webtiles) character file.

Game seed: 10622646249445329990

156 qw the Chopper (level 5, -8/32 HPs)
             Began as a Gargoyle Fighter on Oct 1, 2022.
             Mangled by an ogre
             ... wielding a +0 giant club
              (12 damage)
             ... on level 4 of the Dungeon.
             The game lasted 00:00:58 (2907 turns).

qw the Chopper (Gargoyle Fighter)                   Turns: 2907, Time: 00:00:59

Health: -8/32      AC: 19    Str: 21    XL:     5   Next: 38%
Magic:  5/5        EV:  5    Int:  9    God:
Gold:   101        SH:  4    Dex:  9    Spells: 4/4 levels left

rFire   . . .      SeeInvis .    Y - +0 war axe
rCold   . . .      Faith    .    c - +0 buckler
rNeg    + . .      Spirit   .    a - +0 plate armour
rPois   inf        Reflect  .    e - +0 helmet
rElec   +          Harm     .    (no cloak)
rCorr   .          Rampage  .    h - +2 pair of gloves
Will    .....                    (no boots)
Stlth   ..........               (no amulet)
HPRegen 0.25/turn                (no ring)
MPRegen 0.09/turn                (no ring)

@: about to teleport
A: sickness immunity, AC +4, negative energy resistance 1, electricity
resistance, torment resistance 1, petrification resistance
a: no special abilities


You were on level 4 of the Dungeon.
You visited 1 branch of the dungeon, and saw 4 of its levels.

You collected 101 gold pieces.


Innate Abilities, Weirdness & Mutations

You are immune to sickness and miasma.
Your stone body is resilient. (AC +4)
You are immune to poison.
You resist negative energy. (rN+)
You are resistant to electric shocks. (rElec)
You are resistant to unholy torment.
You are immune to petrification.


   Skills:
 - Level 3.2 Fighting
 + Level 4.9 Axes
 - Level 3.2 Armour
 - Level 3.2 Shields


You had 4 spell levels left.
You didn't know any spells.
Your spell library was empty.

Inventory:

Hand Weapons
 l - a +0 flail
 Y - a +0 war axe (weapon)
Missiles
 q - 3 boomerangs (quivered)
Armour
 a - a +0 plate armour (worn)
 c - a +0 buckler (worn)
 e - a +0 helmet (worn)
 h - a +2 pair of gloves (worn)
Scrolls
 b - 2 scrolls of identify
Potions
 d - a potion of might
 f - a potion of mutation
 i - 2 potions of curing
 j - a potion of resistance
 k - 2 potions of cancellation {unknown}
 p - a potion of haste {unknown}
 r - a potion of attraction {unknown}

Dungeon Overview and Level Annotations

Branches:
Dungeon (4/15)
 Temple: D:4-7

Altars:
Zin


Message History

2888 ||| FLEEEEING.
2889 ||| FLEEEEING.
2890 ||| FLEEEEING.
2891 ||| FLEEEEING.
2892 ||| FLEEEEING.
2893 ||| FLEEEEING.
2894 ||| FLEEEEING.
2895 ||| FLEEEEING.
2896 ||| FLEEEEING.
2897 ||| FLEEEEING.
2898 ||| FLEEEEING.
2899 ||| FLEEEEING.
Throw: 3 boomerangs
Press: ? - help, Q - select action Shift-Dir - straight line, f - ogre You throw a boomerang.
The boomerang hits the ogre but does no damage.
You start resting.
An ogre is nearby!
Throw: 3 boomerangs
Press: ? - help, Q - select action Shift-Dir - straight line, f/p - ogre You throw a boomerang.
The boomerang hits the ogre.
The ogre is lightly wounded.
Throw: 3 boomerangs
Press: ? - help, Q - select action Shift-Dir - straight line, f/p - ogre You throw a boomerang.
The boomerang hits the ogre!
The ogre is moderately wounded.
You hit the ogre.
The ogre is heavily wounded.
The ogre hits you with a +0 giant club!!
Ouch! That really hurt!
2905 ||| READING scroll of teleportation.
As you read the scroll of teleportation, it crumbles to dust.
You feel strangely unstable.
You hit the ogre but do no damage.
The ogre is heavily wounded.
The ogre hits you with a +0 giant club.
You slash the ogre!
The ogre is almost dead.
The ogre hits you with a +0 giant club!
You die...

#.#....#(# #.##.##
#.#.>.##.####.##.#
##.#............#.#
#..%.......##...#.#
.######..#...##.........##
.........#...##...........
.#######........#.........
##O.#.######...###.
#@.#........%.# .
##..#..######..#
##...#..######..###.
##....#..#...........
#<....#..#.####..####
##.........# #..#
##.###..######..# #.#
#........... #.#
#.###########


You could see an ogre.

Vanquished Creatures
  A hound (D:4)
  Terence (D:2)
  3 adders
  4 worms (D:3)
  A dart slug (D:1)
  7 ball pythons
  An endoplasm (D:1)
  3 giant cockroaches
  11 goblins
  A hobgoblin (D:1)
  7 jackals
  6 kobolds
  A quokka (D:1)
  5 bats
  4 frilled lizards
  4 rats
60 creatures vanquished.

Notes
Turn   | Place    | Note
-------+----------+-------------------------------------------
     0 | D:1      | qw the Gargoyle Fighter began the quest for the Orb.
     0 | D:1      | Reached XP level 1. HP: 14/14 MP: 1/1
     0 | D:1      | 0 ||| qw: Version: 0.2-a-13-gfc7b4b4
     0 | D:1      | 0 ||| qw: Game counter: 1786
     0 | D:1      | 0 ||| qw: Always use a shield: true
     0 | D:1      | 0 ||| qw: God list: Okawaru
     0 | D:1      | 0 ||| qw: Allow faded altars: false
     0 | D:1      | 0 ||| qw: Do Orc after D:15 true
     0 | D:1      | 0 ||| qw: Do second Lair branch before Depths: true
     0 | D:1      | 0 ||| qw: Lair rune preference: random
     0 | D:1      | 0 ||| qw: Plans: Normal, Zot:1-4, God:TSO, Crypt, Tomb,
                  | Pan, Slime:5, Hells, Abyss, Orb
     0 | D:1      | 0 ||| PLANNING D:1-11
    56 | D:1      | Reached skill level 2 in Axes
   258 | D:1      | Reached XP level 2. HP: 19/19 MP: 2/2
   272 | D:1      | 272 ||| Stepping ~*~*~tactically~*~*~ (stealth).
   275 | D:1      | 275 ||| Stepping ~*~*~tactically~*~*~ (stealth).
   559 | D:1      | Reached skill level 3 in Axes
   638 | D:1      | Reached XP level 3. HP: 23/23 MP: 3/3
   854 | D:1      | 854 ||| Stepping ~*~*~tactically~*~*~ (hiding).
  1332 | D:1      | 1332 ||| UPGRADING to +0 chain mail.
  1342 | D:1      | 1342 ||| DROPPING +0 scale mail.
  1343 | D:1      | 1343 ||| READING scroll labelled OSO LAANIGAONK.
  1344 | D:1      | 1344 ||| READING 5 scrolls labelled UPSONY GUUQO.
  1345 | D:1      | 1345 ||| READING scroll labelled PEOV ZEEHEU.
  1348 | D:1      | 1348 ||| READING scroll labelled VIT MEBEVALOIS.
  1349 | D:1      | 1349 ||| READING 2 scrolls labelled FEMEOCYSKI.
  1350 | D:1      | 1350 ||| DRINKING 2 fuming white potions.
  1351 | D:1      | 1351 ||| DROPPING 4 scrolls of fog.
  1352 | D:1      | 1352 ||| DROPPING scroll of poison.
  1775 | D:2      | Noticed Terence
  1779 | D:2      | Killed Terence
  1780 | D:2      | Reached skill level 4 in Axes
  1780 | D:2      | Reached XP level 4. HP: 22/28 MP: 4/4
  1807 | D:2      | 1807 ||| DROPPING +0 club.
  1986 | D:2      | 1986 ||| UPGRADING to +0 plate armour.
  1996 | D:2      | 1996 ||| UPGRADING to +0 helmet.
  2001 | D:2      | 2001 ||| DROPPING +0 chain mail.
  2002 | D:2      | 2002 ||| DROPPING ring of wizardry.
  2525 | D:3      | Found a faded altar of an unknown god.
  2531 | D:3      | 2531 ||| Stepping ~*~*~tactically~*~*~ (stealth).
  2532 | D:3      | 2532 ||| Stepping ~*~*~tactically~*~*~ (stealth).
  2687 | D:3      | Found a glowing silver altar of Zin.
  2687 | D:3      | Noticed an angel
  2712 | D:3      | 2712 ||| UPGRADING to +2 pair of gloves.
  2717 | D:3      | 2717 ||| READING 3 scrolls labelled KUFALLURPHE.
  2718 | D:3      | 2718 ||| READING scroll labelled UNOWNI SUTYENU.
  2719 | D:3      | 2719 ||| READING scroll labelled NAL URIHAUCZUOTS.
  2720 | D:3      | 2720 ||| READING scroll labelled NIUSHA GACZITS.
  2721 | D:3      | 2721 ||| READING 3 scrolls of identify.
  2721 | D:3      | 2721 ||| IDENTIFYING fizzy green potion
  2722 | D:3      | 2722 ||| READING 2 scrolls of identify.
  2722 | D:3      | 2722 ||| IDENTIFYING fizzy golden potion
  2723 | D:3      | 2723 ||| DROPPING 2 scrolls of amnesia.
  2837 | D:4      | Reached XP level 5. HP: 28/32 MP: 5/5
  2884 | D:4      | Noticed an ogre
  2885 | D:4      | 2885 ||| FLEEEEING.
  2886 | D:4      | 2886 ||| FLEEEEING.
  2887 | D:4      | 2887 ||| FLEEEEING.
  2888 | D:4      | 2888 ||| FLEEEEING.
  2889 | D:4      | 2889 ||| FLEEEEING.
  2890 | D:4      | 2890 ||| FLEEEEING.
  2891 | D:4      | 2891 ||| FLEEEEING.
  2892 | D:4      | 2892 ||| FLEEEEING.
  2893 | D:4      | 2893 ||| FLEEEEING.
  2894 | D:4      | 2894 ||| FLEEEEING.
  2895 | D:4      | 2895 ||| FLEEEEING.
  2896 | D:4      | 2896 ||| FLEEEEING.
  2897 | D:4      | 2897 ||| FLEEEEING.
  2898 | D:4      | 2898 ||| FLEEEEING.
  2899 | D:4      | 2899 ||| FLEEEEING.
  2904 | D:4      | HP: 7/32 [ogre/+0 giant club (23)]
  2905 | D:4      | 2905 ||| READING scroll of teleportation.
  2907 | D:4      | Mangled by an ogre

Levels and vault maps discovered:
D:1:      onia_arrival_mini_spirals, layout_basic, chequers_mini_garden,
          minmay_stone_trees_small, kennysheep_nondescript
D:2:      layout_basic, uniq_terence
D:3:      layout_loops_ring, zin_angel, ebering_ecumenical_altar_mist
D:4:      layout_loops_ring, okawaru_ov_weapons_minmay,
          kennysheep_generic_room_14, uniq_crazy_yiuf_cottage, uniq_ijyb

Skill      XL: |  1  2  3 |
---------------+----------+-----
Axes           | 2 3 4 |  4.9
Fighting       | |  3.2
Armour         | |  3.2
Shields        | |  3.2

Action                   |  1- 3 |  4- 6 || total
-------------------------+-------+-------++-------
Melee: War axe           |    83 |    68 ||   151
Throw: Boomerang         |       |    15 ||    15
  Use: Scroll            |     5 |     7 ||    12
       Potion            |     1 |       ||     1
Armor: Scale mail        |    18 |       ||    18
       Chain mail        |    17 |     2 ||    19
       Plate armour      |       |    36 ||    36
Dodge: Dodged            |    29 |    16 ||    45
Block: Buckler           |    19 |    11 ||    30

Table legend:
 A = Non-vault XP
 B = Vault XP
 C = Vault XP percentage of total XP
 D = Non-vault monster count
 E = Vault monster count
 F = Vault count percentage of total count
                 A         B        C        D         E       F
            +---------+---------+-------+---------+---------+-------
      Total |     188 |      36 |  16.1 |      59 |       1 |   1.7
            +---------+---------+-------+---------+---------+-------
        D:1 |      46 |       0 |   0.0 |      26 |       0 |   0.0
        D:2 |      31 |      36 |  53.7 |      13 |       1 |   7.1
        D:3 |      36 |       0 |   0.0 |      14 |       0 |   0.0
        D:4 |      75 |       0 |   0.0 |       6 |       0 |   0.0
            +---------+---------+-------+---------+---------+-------
